Kings vs Sabres

Created - February 10, 2017 at 18:13

Goals
1 2 3 OT1 SO T
Kings 0 1 1 0 1 2
Sabres 1 1 0 0 2 3
Shots
1 2 3 OT1 SO T
Kings 10 8 6 3 3 27
Sabres 7 16 15 2 3 40

1st period

1. Sabres , Ryan Nugent-Hopkins 18 (Johnny Oduya) at 9:05

Penalties :
No Penalty

2nd period

2. Sabres , Jake McCabe 3 (Rasmus Ristolainen, Kyle Turris) at 4:46 (PP)
3. Kings , Jonathan Toews 33 (Tomas Tatar) at 7:37

Penalties :
Stephen Johns (LOS) for Hooking (Minor) at 4:14, Rasmus Ristolainen (BUF) for Roughing (Minor) at 12:33, Scott Hartnell (LOS) for Hooking (Minor) at 12:33

3rd period

4. Kings , Daniel Sedin 26 (Tomas Tatar, Jonathan Toews) at 8:00

Penalties :
Gustav Nyquist (BUF) for Holding (Minor) at 0:53, Scott Hartnell (LOS) for Hooking (Minor) at 0:53, Scott Hartnell (LOS) for Cross-checking (Minor) at 10:20

Overtime #1

No Goal

Penalties :
No Penalty

Shootout

Penalty Shot by Jonathan Toews for Kings - Shot Misses the Net
Penalty Shot by Jacob Josefson for Sabres - Goal!
Penalty Shot by Daniel Sedin for Kings - Goal!
Penalty Shot by Kyle Turris for Sabres - Shot Misses the Net
Penalty Shot by Scott Hartnell for Kings - Stopped by Thomas Greiss
Penalty Shot by Ryan Nugent-Hopkins for Sabres - Goal!

Penalties :
No Penalty

Goalie Stats

Steve Mason (LOS), 38 saves from 40 shots - (0.950), OTL, 30-16-4, 65:00 minutes
Thomas Greiss (BUF), 25 saves from 27 shots - (0.926), W, 7-6-1, 65:00 minutes

Players Stats for Kings

Player Name              G  A  P  +/- PIM S  H  SB GA TA FO     MP     PP MP  PK MP  
------------------------------------------------------------------------------------
Chris Kunitz             0  0  0  -1  0   3  3  0  0  0  0/0    12:00   0:00   0:27 
Cody Goloubef            0  0  0  -1  0   0  0  3  0  0  0/0    20:29   0:00   0:59 
Colton Sceviour          0  0  0  -1  0   0  0  0  0  0  5/6    12:16   0:00   0:43 
Dan Hamhuis              0  0  0   1  0   0  2  2  0  0  0/0    24:54   0:00   1:32 
Daniel Sedin             1  0  1   2  0   7  1  0  0  0  0/1    24:33   0:00   0:00 
Derek MacKenzie          0  0  0   0  0   0  0  0  0  0  2/4     3:08   0:00   0:32 
Evgeny Medvedev          0  0  0  -1  0   0  5  1  0  0  0/0    16:51   0:00   0:00 
Fedor Tyutin             0  0  0   1  0   2  3  4  0  0  0/0    23:24   0:00   0:59 
J.T. Brown               0  0  0   0  0   0  2  0  0  0  2/2     7:24   0:00   2:04 
Jonathan Toews           1  1  2   2  0   2  4  0  0  0  16/31  24:55   0:00   0:00 
Mikael Granlund          0  0  0   0  0   3  2  1  0  0  12/20  20:14   0:00   1:16 
Niklas Kronwall          0  0  0   1  0   1  0  1  0  0  0/0    26:35   0:00   1:32 
Patrik Berglund          0  0  0  -1  0   0  0  0  0  0  10/15  15:03   0:00   0:00 
Scott Hartnell           0  0  0   0  6   4  4  1  0  0  1/2    18:42   0:00   0:00 
Stephen Johns            0  0  0   1  2   0  5  0  0  0  0/0    17:46   0:00   0:00 
Tomas Tatar              0  2  2   2  0   2  0  0  0  0  0/1    21:06   0:00   0:00 
Victor Rask              0  0  0   0  0   0  0  0  0  0  2/3    18:37   0:00   0:00 
Zemgus Girgensons        0  0  0   0  0   3  0  0  0  0  0/0     5:30   0:00   0:00 

Players Stats for Sabres

Player Name              G  A  P  +/- PIM S  H  SB GA TA FO     MP     PP MP  PK MP  
------------------------------------------------------------------------------------
Bo Horvat                0  0  0   0  0   5  2  0  0  0  9/25   21:20   1:37   0:00 
Daniel Winnik            0  0  0   0  0   1  3  0  0  0  1/1    18:39   0:00   0:00 
Gustav Nyquist           0  0  0   0  2   2  0  0  0  0  0/0    16:07   0:00   0:00 
Jacob Josefson           0  0  0   0  0   2  0  0  0  0  2/4     9:41   0:00   0:00 
Jake McCabe              1  0  1  -1  0   2  2  2  0  0  0/0    23:23   1:26   0:00 
Jason Zucker             0  0  0  -2  0   1  2  0  0  0  1/1    12:07   0:54   0:00 
Johnny Oduya             0  1  1   0  0   2  1  0  0  0  0/0    19:22   1:05   0:00 
Joshua Morrissey         0  0  0   0  0   0  0  1  0  0  0/0    18:46   0:00   0:00 
Kris Versteeg            0  0  0   0  0   2  0  0  0  0  0/0     6:54   0:00   0:00 
Kyle Turris              0  1  1  -2  0   6  0  0  0  0  8/20   18:37   1:37   0:00 
Lars Eller               0  0  0  -2  0   2  2  0  0  0  0/1    12:07   0:54   0:00 
Mathew Dumba             0  0  0   0  0   0  2  1  0  0  0/0    18:25   0:00   0:00 
Nino Niederreiter        0  0  0   1  0   6  3  0  0  0  2/4    20:39   0:54   0:00 
Rasmus Ristolainen       0  1  1  -1  2   1  2  2  0  0  0/0    26:10   1:26   0:00 
Ryan Nugent-Hopkins      1  0  1   1  0   7  1  0  0  0  9/19   22:06   1:37   0:00 
Thomas Vanek             0  0  0   1  0   1  0  0  0  0  0/0    20:50   0:00   0:00 
Tyler Myers              0  0  0   0  0   0  1  5  0  0  0/0    23:53   1:05   0:00 
Zach Hyman               0  0  0   0  0   0  1  0  0  0  3/10    6:54   0:00   0:00 

3 Stars

1 - Jonathan Toews (LOS)
2 - Daniel Sedin (LOS)
3 - Tomas Tatar (LOS)

Power Play

Kings - 0 on 0 Attempt(s) - 0.00%
Sabres - 1 on 2 Attempt(s) - 50.00%

Penalty Kill

Kings - 1 on 2 Attempt(s) - 50.00% - Score 0 goal in Penalty Kill
Sabres - 0 on 0 Attempt(s) - 0.00% - Score 0 goal in Penalty Kill

Team Stat

Kings - Hits : 31 - Faceoff Wins : 50 - Blocked Shots : 13 - Penalty Minutes : 8
Sabres - Hits : 22 - Faceoff Wins : 35 - Blocked Shots : 11 - Penalty Minutes : 4

Official

Referees : Dan O'Halloran and Justin StPierre
Linesman : Brian Murphy and Devin Berg

Game Notes

Derek MacKenzie is injured at 6:16 of 2nd period (Bruised Right Arm)

Finance

Level 1 -- Attendance: 5919 (91.06%) -- Ticket Income $585,981
Level 2 -- Attendance: 4665 (93.30%) -- Ticket Income $368,535
Level 3 -- Attendance: 3500 (100.00%) -- Ticket Income $136,500
Level 4 -- Attendance: 3066 (99.87%) -- Ticket Income $58,254
Luxury Box -- Attendance: 950 (95.00%) -- Ticket Income $189,050
Game was played at the First Niagara Center.
Total Attendance: 18100 (94.91%)
Total Ticket Income: $1,338,320
Other Income: $200,748
Total Income: $1,539,068

% Time on Ice - Kings

Lines # - Real PCT - Wanted PCT - Time Play
Normal Forward
1 - 37% - 40% - 19:41
2 - 32% - 30% - 16:57
3 - 22% - 20% - 11:33
4 - 10% - 10% - 5:20
Normal Defense
1 - 34% - 40% - 18:19
2 - 33% - 30% - 17:47
3 - 29% - 20% - 15:23
4 - 4% - 10% - 2:02
PP Forward
1 - 0% - 60%
2 - 0% - 40%
PP Defense
1 - 0% - 60%
2 - 0% - 40%
PK Forward
1 - 100% - 60% - 2:31
2 - 0% - 40% - 0:00
PK Defense
1 - 61% - 60% - 1:32
2 - 39% - 40% - 0:59
PK3 Forward
1 - 0% - 60%
2 - 0% - 40%
PK3 Defense
1 - 0% - 60%
2 - 0% - 40%
44 Forward
1 - 64% - 60% - 2:33
2 - 36% - 40% - 1:25
44 Defense
1 - 51% - 60% - 2:02
2 - 49% - 40% - 1:56
Last Minute Offensive  - 0:00
Last Minute Defensive  - 0:00
Total
Forward - 60:00
Defense - 60:00

% Time on Ice - Sabres

Lines # - Real PCT - Wanted PCT - Time Play
Normal Forward
1 - 37% - 40% - 19:45
2 - 29% - 30% - 15:39
3 - 21% - 20% - 11:13
4 - 13% - 10% - 6:54
Normal Defense
1 - 36% - 40% - 19:01
2 - 32% - 30% - 16:55
3 - 28% - 20% - 15:14
4 - 4% - 10% - 2:21
PP Forward
1 - 64% - 60% - 1:37
2 - 36% - 40% - 0:54
PP Defense
1 - 43% - 60% - 1:05
2 - 57% - 40% - 1:26
PK Forward
1 - 0% - 60%
2 - 0% - 40%
PK Defense
1 - 0% - 60%
2 - 0% - 40%
PK3 Forward
1 - 0% - 60%
2 - 0% - 40%
PK3 Defense
1 - 0% - 60%
2 - 0% - 40%
44 Forward
1 - 73% - 60% - 2:53
2 - 27% - 40% - 1:05
44 Defense
1 - 62% - 60% - 2:28
2 - 38% - 40% - 1:30
Last Minute Offensive  - 0:00
Last Minute Defensive  - 0:00
Total
Forward - 60:00
Defense - 60:00

Play by Play

1st period


0:01 of 1st period - Jonathan Toews wins face-off versus Ryan Nugent-Hopkins in neutral zone.
0:18 of 1st period - Shot by Daniel Sedin.
0:18 of 1st period - Stopped by Thomas Greiss without a rebound.
0:19 of 1st period - Mikael Granlund wins face-off versus Bo Horvat in Sabres zone.
0:20 of 1st period - Shot by Scott Hartnell.
0:20 of 1st period - Stopped by Thomas Greiss with a rebound.
0:22 of 1st period - Shot by Scott Hartnell.
0:22 of 1st period - Shot Misses the Net.
0:24 of 1st period - Shot by Fedor Tyutin.
0:24 of 1st period - Stopped by Thomas Greiss without a rebound.
0:25 of 1st period - Colton Sceviour wins face-off versus Kyle Turris in Sabres zone.
0:42 of 1st period - Colton Sceviour is hit by Johnny Oduya and loses puck.
0:51 of 1st period - Shot by Chris Kunitz.
0:51 of 1st period - Stopped by Thomas Greiss without a rebound.
0:52 of 1st period - Mikael Granlund wins face-off versus Bo Horvat in Sabres zone.
0:53 of 1st period - Shot by Scott Hartnell.
0:53 of 1st period - Deflect By Victor Rask.
0:53 of 1st period - Shot Misses the Net.
0:59 of 1st period - Scott Hartnell is hit by Daniel Winnik and loses puck.
1:44 of 1st period - Thomas Vanek is hit by Scott Hartnell and loses puck.
2:01 of 1st period - Shot by Nino Niederreiter.
2:01 of 1st period - Stopped by Steve Mason without a rebound.
2:02 of 1st period - Derek MacKenzie wins face-off versus Zach Hyman in Kings zone.
2:14 of 1st period - Icing by Johnny Oduya.
2:15 of 1st period - Zach Hyman wins face-off versus Tomas Tatar in Sabres zone.
2:37 of 1st period - Kris Versteeg is hit by Evgeny Medvedev and loses puck.
2:46 of 1st period - Shot by Zach Hyman.
2:46 of 1st period - Shot Hit the Post.
3:40 of 1st period - Shot by Nino Niederreiter.
3:40 of 1st period - Shot Blocked by Dan Hamhuis.
3:45 of 1st period - Niklas Kronwall is hit by Jake McCabe and loses puck.
4:59 of 1st period - Off-side.
5:00 of 1st period - Bo Horvat wins face-off versus Jonathan Toews in neutral zone.
5:21 of 1st period - Shot by Daniel Sedin.
5:21 of 1st period - Shot Misses the Net.
5:31 of 1st period - Shot by Daniel Sedin.
5:31 of 1st period - Stopped by Thomas Greiss without a rebound.
5:32 of 1st period - Ryan Nugent-Hopkins wins face-off versus Mikael Granlund in Sabres zone.
5:56 of 1st period - Shot by Mikael Granlund.
5:56 of 1st period - Stopped by Thomas Greiss without a rebound.
5:57 of 1st period - Patrik Berglund wins face-off versus Kyle Turris in Sabres zone.
6:12 of 1st period - Shot by Kyle Turris.
6:12 of 1st period - Shot Blocked by Cody Goloubef.
6:20 of 1st period - Shot by Chris Kunitz.
6:20 of 1st period - Stopped by Thomas Greiss without a rebound.
6:21 of 1st period - Ryan Nugent-Hopkins wins face-off versus Jonathan Toews in Sabres zone.
6:56 of 1st period - Shot by Ryan Nugent-Hopkins.
6:56 of 1st period - Shot Misses the Net.
7:02 of 1st period - Shot by Nino Niederreiter.
7:02 of 1st period - Shot Misses the Net.
7:26 of 1st period - Bo Horvat is hit by Mikael Granlund and loses puck.
7:38 of 1st period - Tyler Myers is hit by Scott Hartnell.
7:42 of 1st period - Stephen Johns is hit by Bo Horvat.
7:43 of 1st period - Icing by Stephen Johns.
7:44 of 1st period - Mikael Granlund wins face-off versus Kyle Turris in Kings zone.
7:56 of 1st period - Johnny Oduya is hit by Stephen Johns and loses puck.
8:04 of 1st period - Lars Eller is hit by Stephen Johns and loses puck.
8:07 of 1st period - Shot by Lars Eller.
8:07 of 1st period - Stopped by Steve Mason without a rebound.
8:08 of 1st period - Patrik Berglund wins face-off versus Zach Hyman in Kings zone.
8:37 of 1st period - Shot by Jacob Josefson.
8:37 of 1st period - Deflect By Kris Versteeg.
8:37 of 1st period - Shot Misses the Net.
8:39 of 1st period - Shot by Rasmus Ristolainen.
8:39 of 1st period - Shot Blocked by Evgeny Medvedev.
9:05 of 1st period - Shot by Ryan Nugent-Hopkins.
9:05 of 1st period - Goal by Ryan Nugent-Hopkins - Kings : 0 - Sabres : 1.
9:06 of 1st period - Ryan Nugent-Hopkins wins face-off versus Jonathan Toews in neutral zone.
9:38 of 1st period - Shot by Thomas Vanek.
9:38 of 1st period - Shot Misses the Net.
9:40 of 1st period - Shot by Ryan Nugent-Hopkins.
9:40 of 1st period - Shot Misses the Net.
10:42 of 1st period - Shot by Scott Hartnell.
10:42 of 1st period - Deflect By Victor Rask.
10:42 of 1st period - Shot Misses the Net.
11:11 of 1st period - Icing by Jake McCabe.
11:12 of 1st period - Daniel Winnik wins face-off versus Derek MacKenzie in Sabres zone.
11:30 of 1st period - J.T. Brown is hit by Mathew Dumba.
11:34 of 1st period - Shot by Zemgus Girgensons.
11:34 of 1st period - Stopped by Thomas Greiss without a rebound.
11:35 of 1st period - Colton Sceviour wins face-off versus Kyle Turris in Sabres zone.
11:36 of 1st period - Shot by Patrik Berglund.
11:36 of 1st period - Shot Blocked by Joshua Morrissey.
11:38 of 1st period - Shot by Niklas Kronwall.
11:38 of 1st period - Stopped by Thomas Greiss without a rebound.
11:39 of 1st period - Jonathan Toews wins face-off versus Nino Niederreiter in Sabres zone.
11:44 of 1st period - Shot by Tomas Tatar.
11:44 of 1st period - Stopped by Thomas Greiss with a rebound.
11:49 of 1st period - Icing by Ryan Nugent-Hopkins.
11:50 of 1st period - Mikael Granlund wins face-off versus Ryan Nugent-Hopkins in Sabres zone.
13:43 of 1st period - Shot by Bo Horvat.
13:43 of 1st period - Shot Misses the Net.
14:08 of 1st period - Shot by Bo Horvat.
14:08 of 1st period - Shot Misses the Net.
14:10 of 1st period - Shot by Daniel Winnik.
14:10 of 1st period - Shot Misses the Net.
14:17 of 1st period - Bo Horvat is hit by Stephen Johns and loses puck.
14:48 of 1st period - Shot by Victor Rask.
14:48 of 1st period - Shot Misses the Net.
14:50 of 1st period - Shot by Dan Hamhuis.
14:50 of 1st period - Shot Blocked by Tyler Myers.
15:30 of 1st period - Shot by Chris Kunitz.
15:30 of 1st period - Shot Misses the Net.
15:45 of 1st period - Chris Kunitz is hit by Nino Niederreiter and loses puck.
16:55 of 1st period - Shot by Bo Horvat.
16:55 of 1st period - Shot Misses the Net.
16:57 of 1st period - Shot by Bo Horvat.
16:57 of 1st period - Stopped by Steve Mason with a rebound.
16:59 of 1st period - Shot by Rasmus Ristolainen.
16:59 of 1st period - Stopped by Steve Mason without a rebound.
17:00 of 1st period - Kyle Turris wins face-off versus Mikael Granlund in Kings zone.
17:11 of 1st period - Shot by Lars Eller.
17:11 of 1st period - Shot Blocked by Cody Goloubef.
17:13 of 1st period - Shot by Lars Eller.
17:13 of 1st period - Stopped by Steve Mason with a rebound.
17:21 of 1st period - Shot by Jason Zucker.
17:21 of 1st period - Stopped by Steve Mason with a rebound.
17:23 of 1st period - Shot by Jason Zucker.
17:23 of 1st period - Shot Blocked by Cody Goloubef.
17:57 of 1st period - Gustav Nyquist is hit by Evgeny Medvedev.
18:24 of 1st period - Bo Horvat is hit by Chris Kunitz and loses puck.
19:30 of 1st period - Shot by Tomas Tatar.
19:30 of 1st period - Shot Misses the Net.
Goals for this period are 0 for Kings vs 1 for Sabres.
Shots for this period are 10 for Kings vs 7 for Sabres.

2nd period


0:01 of 2nd period - Jonathan Toews wins face-off versus Ryan Nugent-Hopkins in neutral zone.
0:04 of 2nd period - Rasmus Ristolainen is hit by Jonathan Toews and loses puck.
1:08 of 2nd period - Shot by Bo Horvat.
1:08 of 2nd period - Shot Misses the Net.
1:24 of 2nd period - Shot by Gustav Nyquist.
1:24 of 2nd period - Stopped by Steve Mason with a rebound.
1:26 of 2nd period - Shot by Daniel Winnik.
1:26 of 2nd period - Shot Misses the Net.
1:28 of 2nd period - Shot by Bo Horvat.
1:28 of 2nd period - Stopped by Steve Mason without a rebound.
1:29 of 2nd period - Jason Zucker wins face-off versus Patrik Berglund in Kings zone.
1:29 of 2nd period - Johnny Oduya is hit by Evgeny Medvedev and loses puck.
2:19 of 2nd period - Johnny Oduya is hit by Chris Kunitz and loses puck.
3:31 of 2nd period - Icing by Dan Hamhuis.
3:32 of 2nd period - Bo Horvat wins face-off versus Jonathan Toews in Kings zone.
3:58 of 2nd period - Bo Horvat is hit by Stephen Johns and loses puck.
4:14 of 2nd period - Minor Penalty to Stephen Johns for Hooking.
4:15 of 2nd period - Kyle Turris wins face-off versus Derek MacKenzie in Kings zone.
4:19 of 2nd period - Bo Horvat is hit by Fedor Tyutin and loses puck.
4:32 of 2nd period - Shot by Bo Horvat.
4:32 of 2nd period - Shot Blocked by Fedor Tyutin.
4:38 of 2nd period - Shot by Kyle Turris.
4:38 of 2nd period - Stopped by Steve Mason with a rebound.
4:40 of 2nd period - Shot by Ryan Nugent-Hopkins.
4:40 of 2nd period - Shot Hit the Post.
4:44 of 2nd period - Shot by Rasmus Ristolainen.
4:44 of 2nd period - Shot Misses the Net.
4:46 of 2nd period - Shot by Jake McCabe.
4:46 of 2nd period - Goal by Jake McCabe - Kings : 0 - Sabres : 2.
4:47 of 2nd period - Victor Rask wins face-off versus Zach Hyman in neutral zone.
5:10 of 2nd period - Icing by Dan Hamhuis.
5:11 of 2nd period - Mikael Granlund wins face-off versus Ryan Nugent-Hopkins in Kings zone.
5:11 of 2nd period - Victor Rask is hit by Ryan Nugent-Hopkins and loses puck.
5:15 of 2nd period - Niklas Kronwall is hit by Nino Niederreiter and loses puck.
5:40 of 2nd period - Shot by Nino Niederreiter.
5:40 of 2nd period - Shot Misses the Net.
6:01 of 2nd period - Tomas Tatar is hit by Rasmus Ristolainen and loses puck.
6:04 of 2nd period - Shot by Daniel Sedin.
6:04 of 2nd period - Shot Misses the Net.
6:12 of 2nd period - Shot by Jonathan Toews.
6:12 of 2nd period - Shot Blocked by Rasmus Ristolainen.
6:14 of 2nd period - Shot by Fedor Tyutin.
6:14 of 2nd period - Stopped by Thomas Greiss without a rebound.
6:15 of 2nd period - Derek MacKenzie wins face-off versus Bo Horvat in Sabres zone.
6:15 of 2nd period - Derek MacKenzie is hit by Tyler Myers.
6:16 of 2nd period - Derek MacKenzie from Kings is injured at 6:16 of 2nd period (Bruised Right Arm).
6:17 of 2nd period - Patrik Berglund wins face-off versus Bo Horvat in Sabres zone.
7:14 of 2nd period - Jason Zucker is hit by J.T. Brown and loses puck.
7:37 of 2nd period - Shot by Jonathan Toews.
7:37 of 2nd period - Goal by Jonathan Toews - Kings : 1 - Sabres : 2.
7:38 of 2nd period - Mikael Granlund wins face-off versus Ryan Nugent-Hopkins in neutral zone.
8:37 of 2nd period - Shot by Kris Versteeg.
8:37 of 2nd period - Stopped by Steve Mason without a rebound.
8:38 of 2nd period - Bo Horvat wins face-off versus Jonathan Toews in Kings zone.
8:40 of 2nd period - Gustav Nyquist is hit by Stephen Johns and loses puck.
9:12 of 2nd period - Bo Horvat is hit by Fedor Tyutin.
9:32 of 2nd period - Shot by Lars Eller.
9:32 of 2nd period - Deflect By Kyle Turris.
9:32 of 2nd period - Stopped by Steve Mason without a rebound.
9:33 of 2nd period - Patrik Berglund wins face-off versus Kyle Turris in Kings zone.
9:33 of 2nd period - Patrik Berglund is hit by Jason Zucker.
9:45 of 2nd period - Shot by Patrik Berglund.
9:45 of 2nd period - Deflect By Chris Kunitz.
9:45 of 2nd period - Shot Blocked by Tyler Myers.
9:47 of 2nd period - Shot by Colton Sceviour.
9:47 of 2nd period - Shot Blocked by Tyler Myers.
9:49 of 2nd period - Shot by Chris Kunitz.
9:49 of 2nd period - Stopped by Thomas Greiss without a rebound.
9:50 of 2nd period - Ryan Nugent-Hopkins wins face-off versus Mikael Granlund in Sabres zone.
10:27 of 2nd period - Shot by Victor Rask.
10:27 of 2nd period - Shot Blocked by Jake McCabe.
10:33 of 2nd period - Shot by Scott Hartnell.
10:33 of 2nd period - Stopped by Thomas Greiss with a rebound.
11:15 of 2nd period - Shot by Bo Horvat.
11:15 of 2nd period - Stopped by Steve Mason without a rebound.
11:16 of 2nd period - Jonathan Toews wins face-off versus Kyle Turris in Kings zone.
11:37 of 2nd period - Shot by Tomas Tatar.
11:37 of 2nd period - Stopped by Thomas Greiss without a rebound.
11:38 of 2nd period - J.T. Brown wins face-off versus Zach Hyman in Sabres zone.
11:38 of 2nd period - J.T. Brown is hit by Mathew Dumba.
11:42 of 2nd period - Shot by Zemgus Girgensons.
11:42 of 2nd period - Stopped by Thomas Greiss with a rebound.
11:44 of 2nd period - Shot by J.T. Brown.
11:44 of 2nd period - Shot Blocked by Tyler Myers.
12:12 of 2nd period - Shot by Niklas Kronwall.
12:12 of 2nd period - Deflect By J.T. Brown.
12:12 of 2nd period - Shot Misses the Net.
12:14 of 2nd period - Shot by Zemgus Girgensons.
12:14 of 2nd period - Stopped by Thomas Greiss without a rebound.
12:15 of 2nd period - Ryan Nugent-Hopkins wins face-off versus Jonathan Toews in Sabres zone.
12:19 of 2nd period - Rasmus Ristolainen is hit by Daniel Sedin and loses puck.
12:26 of 2nd period - Shot by Daniel Sedin.
12:26 of 2nd period - Stopped by Thomas Greiss without a rebound.
12:27 of 2nd period - Mikael Granlund wins face-off versus Bo Horvat in Sabres zone.
12:33 of 2nd period - Minor Penalty to Rasmus Ristolainen for Roughing.
12:33 of 2nd period - Minor Penalty to Scott Hartnell for Hooking.
12:34 of 2nd period - Jonathan Toews wins face-off versus Bo Horvat in Sabres zone.
12:53 of 2nd period - Shot by Kyle Turris.
12:53 of 2nd period - Stopped by Steve Mason with a rebound.
13:49 of 2nd period - Shot by Gustav Nyquist.
13:49 of 2nd period - Shot Blocked by Niklas Kronwall.
13:51 of 2nd period - Shot by Johnny Oduya.
13:51 of 2nd period - Stopped by Steve Mason without a rebound.
13:52 of 2nd period - Mikael Granlund wins face-off versus Bo Horvat in Kings zone.
14:02 of 2nd period - Shot by Bo Horvat.
14:02 of 2nd period - Shot Blocked by Fedor Tyutin.
14:16 of 2nd period - Shot by Mikael Granlund.
14:16 of 2nd period - Shot Misses the Net.
14:37 of 2nd period - Shot by Ryan Nugent-Hopkins.
14:37 of 2nd period - Stopped by Steve Mason with a rebound.
14:39 of 2nd period - Shot by Thomas Vanek.
14:39 of 2nd period - Shot Misses the Net.
14:53 of 2nd period - Shot by Nino Niederreiter.
14:53 of 2nd period - Stopped by Steve Mason without a rebound.
14:54 of 2nd period - Patrik Berglund wins face-off versus Zach Hyman in Kings zone.
14:54 of 2nd period - Patrik Berglund is hit by Zach Hyman.
15:03 of 2nd period - Tyler Myers is hit by J.T. Brown and loses puck.
15:12 of 2nd period - Shot by Kris Versteeg.
15:12 of 2nd period - Stopped by Steve Mason without a rebound.
15:13 of 2nd period - Ryan Nugent-Hopkins wins face-off versus Scott Hartnell in Kings zone.
15:30 of 2nd period - Shot by Nino Niederreiter.
15:30 of 2nd period - Stopped by Steve Mason without a rebound.
15:31 of 2nd period - Zach Hyman wins face-off versus Jonathan Toews in Kings zone.
16:12 of 2nd period - Kris Versteeg is hit by Jonathan Toews and loses puck.
16:37 of 2nd period - Shot by Ryan Nugent-Hopkins.
16:37 of 2nd period - Stopped by Steve Mason without a rebound.
16:38 of 2nd period - Patrik Berglund wins face-off versus Bo Horvat in Kings zone.
17:09 of 2nd period - Bo Horvat is hit by Evgeny Medvedev and loses puck.
18:11 of 2nd period - Shot by Thomas Vanek.
18:11 of 2nd period - Stopped by Steve Mason without a rebound.
18:12 of 2nd period - Jonathan Toews wins face-off versus Kyle Turris in Kings zone.
18:12 of 2nd period - Jonathan Toews is hit by Lars Eller.
18:44 of 2nd period - Kyle Turris is hit by Jonathan Toews and loses puck.
19:28 of 2nd period - Shot by Nino Niederreiter.
19:28 of 2nd period - Deflect By Thomas Vanek.
19:28 of 2nd period - Shot Blocked by Fedor Tyutin.
19:30 of 2nd period - Shot by Nino Niederreiter.
19:30 of 2nd period - Shot Misses the Net.
19:32 of 2nd period - Shot by Ryan Nugent-Hopkins.
19:32 of 2nd period - Stopped by Steve Mason with a rebound.
19:38 of 2nd period - Shot by Nino Niederreiter.
19:38 of 2nd period - Shot Misses the Net.
19:48 of 2nd period - Shot by Thomas Vanek.
19:48 of 2nd period - Shot Misses the Net.
Goals for this period are 1 for Kings vs 1 for Sabres.
Shots for this period are 8 for Kings vs 16 for Sabres.

3rd period


0:01 of 3rd period - Bo Horvat wins face-off versus Jonathan Toews in neutral zone.
0:18 of 3rd period - Shot by Daniel Sedin.
0:18 of 3rd period - Shot Blocked by Jake McCabe.
0:20 of 3rd period - Shot by Daniel Sedin.
0:20 of 3rd period - Shot Misses the Net.
0:30 of 3rd period - Shot by Jonathan Toews.
0:30 of 3rd period - Shot Misses the Net.
0:43 of 3rd period - Jonathan Toews is hit by Jake McCabe and loses puck.
0:53 of 3rd period - Minor Penalty to Gustav Nyquist for Holding.
0:53 of 3rd period - Minor Penalty to Scott Hartnell for Hooking.
0:54 of 3rd period - Jonathan Toews wins face-off versus Bo Horvat in neutral zone.
0:59 of 3rd period - Shot by Daniel Sedin.
0:59 of 3rd period - Shot Misses the Net.
1:16 of 3rd period - Icing by Fedor Tyutin.
1:17 of 3rd period - Jacob Josefson wins face-off versus Jonathan Toews in Kings zone.
2:04 of 3rd period - Shot by Ryan Nugent-Hopkins.
2:04 of 3rd period - Shot Blocked by Mikael Granlund.
2:30 of 3rd period - Shot by Ryan Nugent-Hopkins.
2:30 of 3rd period - Stopped by Steve Mason without a rebound.
2:31 of 3rd period - Bo Horvat wins face-off versus Jonathan Toews in Kings zone.
3:04 of 3rd period - Shot by Patrik Berglund.
3:04 of 3rd period - Shot Blocked by Tyler Myers.
3:07 of 3rd period - Icing by Jacob Josefson.
3:08 of 3rd period - Patrik Berglund wins face-off versus Zach Hyman in Sabres zone.
3:09 of 3rd period - Shot by Zemgus Girgensons.
3:09 of 3rd period - Shot Misses the Net.
3:17 of 3rd period - Icing by Mathew Dumba.
3:18 of 3rd period - Zach Hyman wins face-off versus Mikael Granlund in Sabres zone.
3:18 of 3rd period - Zach Hyman is hit by Scott Hartnell.
3:42 of 3rd period - Shot by Mikael Granlund.
3:42 of 3rd period - Deflect By Scott Hartnell.
3:42 of 3rd period - Shot Misses the Net.
3:44 of 3rd period - Shot by Victor Rask.
3:44 of 3rd period - Shot Misses the Net.
4:08 of 3rd period - Joshua Morrissey is hit by Mikael Granlund and loses puck.
4:25 of 3rd period - Shot by Ryan Nugent-Hopkins.
4:25 of 3rd period - Stopped by Steve Mason without a rebound.
4:26 of 3rd period - Bo Horvat wins face-off versus Patrik Berglund in Kings zone.
4:30 of 3rd period - Icing by Fedor Tyutin.
4:31 of 3rd period - Patrik Berglund wins face-off versus Bo Horvat in Kings zone.
4:36 of 3rd period - Shot by Gustav Nyquist.
4:36 of 3rd period - Stopped by Steve Mason without a rebound.
4:37 of 3rd period - Jonathan Toews wins face-off versus Ryan Nugent-Hopkins in Kings zone.
4:44 of 3rd period - Shot by Daniel Sedin.
4:44 of 3rd period - Shot Misses the Net.
5:10 of 3rd period - Shot by Daniel Sedin.
5:10 of 3rd period - Stopped by Thomas Greiss without a rebound.
5:11 of 3rd period - Mikael Granlund wins face-off versus Bo Horvat in Sabres zone.
5:20 of 3rd period - Shot by Gustav Nyquist.
5:20 of 3rd period - Shot Misses the Net.
5:26 of 3rd period - Shot by Daniel Winnik.
5:26 of 3rd period - Stopped by Steve Mason without a rebound.
5:27 of 3rd period - Kyle Turris wins face-off versus Patrik Berglund in Kings zone.
5:28 of 3rd period - Shot by Lars Eller.
5:28 of 3rd period - Deflect By Jason Zucker.
5:28 of 3rd period - Shot Misses the Net.
5:42 of 3rd period - Chris Kunitz is hit by Lars Eller and loses puck.
6:10 of 3rd period - Icing by Evgeny Medvedev.
6:11 of 3rd period - Colton Sceviour wins face-off versus Ryan Nugent-Hopkins in Kings zone.
6:36 of 3rd period - Daniel Sedin is hit by Nino Niederreiter and loses puck.
6:40 of 3rd period - Off-side.
6:41 of 3rd period - Mikael Granlund wins face-off versus Bo Horvat in neutral zone.
6:48 of 3rd period - Victor Rask is hit by Daniel Winnik and loses puck.
7:13 of 3rd period - Fedor Tyutin is hit by Daniel Winnik and loses puck.
7:40 of 3rd period - Shot by Nino Niederreiter.
7:40 of 3rd period - Stopped by Steve Mason without a rebound.
7:41 of 3rd period - Kyle Turris wins face-off versus Jonathan Toews in Kings zone.
8:00 of 3rd period - Shot by Daniel Sedin.
8:00 of 3rd period - Goal by Daniel Sedin - Kings : 2 - Sabres : 2.
8:01 of 3rd period - Ryan Nugent-Hopkins wins face-off versus Patrik Berglund in neutral zone.
8:42 of 3rd period - Joshua Morrissey is hit by Chris Kunitz and loses puck.
9:28 of 3rd period - Shot by Bo Horvat.
9:28 of 3rd period - Shot Misses the Net.
9:30 of 3rd period - Shot by Daniel Winnik.
9:30 of 3rd period - Shot Misses the Net.
9:52 of 3rd period - Shot by Jason Zucker.
9:52 of 3rd period - Deflect By Kyle Turris.
9:52 of 3rd period - Stopped by Steve Mason without a rebound.
9:53 of 3rd period - Jonathan Toews wins face-off versus Zach Hyman in Kings zone.
10:06 of 3rd period - Shot by Daniel Sedin.
10:06 of 3rd period - Stopped by Thomas Greiss without a rebound.
10:07 of 3rd period - Mikael Granlund wins face-off versus Kyle Turris in Sabres zone.
10:19 of 3rd period - Kyle Turris is hit by Scott Hartnell and loses puck.
10:20 of 3rd period - Minor Penalty to Scott Hartnell for Cross-checking.
10:21 of 3rd period - Bo Horvat wins face-off versus Mikael Granlund in Kings zone.
10:42 of 3rd period - Shot by Johnny Oduya.
10:42 of 3rd period - Stopped by Steve Mason without a rebound.
10:43 of 3rd period - Nino Niederreiter wins face-off versus Mikael Granlund in Kings zone.
10:50 of 3rd period - Shot by Jake McCabe.
10:50 of 3rd period - Stopped by Steve Mason without a rebound.
10:51 of 3rd period - J.T. Brown wins face-off versus Bo Horvat in Kings zone.
10:51 of 3rd period - J.T. Brown is hit by Bo Horvat.
11:25 of 3rd period - Shot by Tyler Myers.
11:25 of 3rd period - Shot Misses the Net.
11:33 of 3rd period - Shot by Kyle Turris.
11:33 of 3rd period - Stopped by Steve Mason without a rebound.
11:34 of 3rd period - Colton Sceviour wins face-off versus Nino Niederreiter in Kings zone.
11:58 of 3rd period - Icing by Jake McCabe.
11:59 of 3rd period - Nino Niederreiter wins face-off versus Colton Sceviour in Sabres zone.
12:10 of 3rd period - Shot by Rasmus Ristolainen.
12:10 of 3rd period - Shot Misses the Net.
12:25 of 3rd period - Shot by Bo Horvat.
12:25 of 3rd period - Stopped by Steve Mason without a rebound.
12:26 of 3rd period - Jonathan Toews wins face-off versus Bo Horvat in Kings zone.
12:41 of 3rd period - Shot by Tomas Tatar.
12:41 of 3rd period - Shot Blocked by Mathew Dumba.
13:46 of 3rd period - Shot by Victor Rask.
13:46 of 3rd period - Shot Misses the Net.
13:48 of 3rd period - Shot by Evgeny Medvedev.
13:48 of 3rd period - Shot Misses the Net.
13:50 of 3rd period - Shot by Mikael Granlund.
13:50 of 3rd period - Stopped by Thomas Greiss without a rebound.
13:51 of 3rd period - Patrik Berglund wins face-off versus Kyle Turris in Sabres zone.
14:00 of 3rd period - Patrik Berglund is hit by Jason Zucker and loses puck.
14:05 of 3rd period - Shot by Kyle Turris.
14:05 of 3rd period - Stopped by Steve Mason without a rebound.
14:06 of 3rd period - Ryan Nugent-Hopkins wins face-off versus Jonathan Toews in Kings zone.
14:09 of 3rd period - Shot by Nino Niederreiter.
14:09 of 3rd period - Stopped by Steve Mason with a rebound.
14:11 of 3rd period - Shot by Thomas Vanek.
14:11 of 3rd period - Shot Blocked by Dan Hamhuis.
14:24 of 3rd period - Rasmus Ristolainen is hit by Dan Hamhuis and loses puck.
14:34 of 3rd period - Icing by Niklas Kronwall.
14:35 of 3rd period - Jonathan Toews wins face-off versus Lars Eller in Kings zone.
15:02 of 3rd period - Joshua Morrissey is hit by Jonathan Toews and loses puck.
15:12 of 3rd period - Kyle Turris is hit by Dan Hamhuis and loses puck.
15:41 of 3rd period - Shot by Scott Hartnell.
15:41 of 3rd period - Stopped by Thomas Greiss without a rebound.
15:42 of 3rd period - Patrik Berglund wins face-off versus Ryan Nugent-Hopkins in Sabres zone.
15:57 of 3rd period - Shot by Ryan Nugent-Hopkins.
15:57 of 3rd period - Stopped by Steve Mason with a rebound.
15:59 of 3rd period - Shot by Thomas Vanek.
15:59 of 3rd period - Shot Misses the Net.
16:01 of 3rd period - Shot by Nino Niederreiter.
16:01 of 3rd period - Stopped by Steve Mason without a rebound.
16:02 of 3rd period - Mikael Granlund wins face-off versus Bo Horvat in Kings zone.
16:32 of 3rd period - Bo Horvat is hit by Fedor Tyutin and loses puck.
16:35 of 3rd period - Shot by Daniel Winnik.
16:35 of 3rd period - Shot Blocked by Scott Hartnell.
16:37 of 3rd period - Shot by Daniel Winnik.
16:37 of 3rd period - Shot Misses the Net.
16:39 of 3rd period - Shot by Daniel Winnik.
16:39 of 3rd period - Shot Misses the Net.
16:41 of 3rd period - Shot by Bo Horvat.
16:41 of 3rd period - Deflect By Gustav Nyquist.
16:41 of 3rd period - Shot Hit the Post.
17:00 of 3rd period - Icing by Fedor Tyutin.
17:01 of 3rd period - Kyle Turris wins face-off versus Mikael Granlund in Kings zone.
17:02 of 3rd period - Shot by Lars Eller.
17:02 of 3rd period - Shot Misses the Net.
17:19 of 3rd period - Icing by Fedor Tyutin.
17:20 of 3rd period - Scott Hartnell wins face-off versus Ryan Nugent-Hopkins in Kings zone.
17:51 of 3rd period - Shot by Daniel Sedin.
17:51 of 3rd period - Stopped by Thomas Greiss without a rebound.
17:52 of 3rd period - Colton Sceviour wins face-off versus Bo Horvat in Sabres zone.
17:58 of 3rd period - Off-side.
17:59 of 3rd period - Bo Horvat wins face-off versus Patrik Berglund in neutral zone.
18:25 of 3rd period - Shot by Bo Horvat.
18:25 of 3rd period - Shot Hit the Post.
18:27 of 3rd period - Shot by Rasmus Ristolainen.
18:27 of 3rd period - Shot Misses the Net.
18:29 of 3rd period - Shot by Bo Horvat.
18:29 of 3rd period - Stopped by Steve Mason without a rebound.
18:30 of 3rd period - Ryan Nugent-Hopkins wins face-off versus Jonathan Toews in Kings zone.
18:36 of 3rd period - Ryan Nugent-Hopkins is hit by Evgeny Medvedev and loses puck.
19:39 of 3rd period - Shot by Lars Eller.
19:39 of 3rd period - Deflect By Kyle Turris.
19:39 of 3rd period - Shot Misses the Net.
19:49 of 3rd period - Shot by Mikael Granlund.
19:49 of 3rd period - Shot Hit the Post.
Goals for this period are 1 for Kings vs 0 for Sabres.
Shots for this period are 6 for Kings vs 15 for Sabres.

Overtime #1


0:01 of 1st overtime period - Jonathan Toews wins face-off versus Jacob Josefson in neutral zone.
0:28 of 1st overtime period - Shot by Jacob Josefson.
0:28 of 1st overtime period - Shot Blocked by Fedor Tyutin.
0:32 of 1st overtime period - Shot by Daniel Winnik.
0:32 of 1st overtime period - Shot Misses the Net.
0:37 of 1st overtime period - Icing by Fedor Tyutin.
0:38 of 1st overtime period - Kyle Turris wins face-off versus Jonathan Toews in Kings zone.
1:08 of 1st overtime period - Icing by Cody Goloubef.
1:09 of 1st overtime period - Jonathan Toews wins face-off versus Jacob Josefson in Kings zone.
1:20 of 1st overtime period - Shot by Jacob Josefson.
1:20 of 1st overtime period - Stopped by Steve Mason without a rebound.
1:21 of 1st overtime period - Kyle Turris wins face-off versus Victor Rask in Kings zone.
1:24 of 1st overtime period - Shot by Kyle Turris.
1:24 of 1st overtime period - Shot Misses the Net.
2:04 of 1st overtime period - Icing by Evgeny Medvedev.
2:05 of 1st overtime period - Victor Rask wins face-off versus Ryan Nugent-Hopkins in Kings zone.
2:12 of 1st overtime period - Shot by Scott Hartnell.
2:12 of 1st overtime period - Stopped by Thomas Greiss without a rebound.
2:13 of 1st overtime period - Kyle Turris wins face-off versus Jonathan Toews in Sabres zone.
2:15 of 1st overtime period - Icing by Rasmus Ristolainen.
2:16 of 1st overtime period - Jonathan Toews wins face-off versus Kyle Turris in Sabres zone.
2:20 of 1st overtime period - Victor Rask is hit by Rasmus Ristolainen and loses puck.
2:28 of 1st overtime period - Off-side.
2:29 of 1st overtime period - Jacob Josefson wins face-off versus Daniel Sedin in neutral zone.
2:34 of 1st overtime period - Shot by Jacob Josefson.
2:34 of 1st overtime period - Stopped by Steve Mason without a rebound.
2:35 of 1st overtime period - Jonathan Toews wins face-off versus Kyle Turris in Kings zone.
2:56 of 1st overtime period - Shot by Jonathan Toews.
2:56 of 1st overtime period - Shot Misses the Net.
2:58 of 1st overtime period - Shot by Jonathan Toews.
2:58 of 1st overtime period - Stopped by Thomas Greiss without a rebound.
2:59 of 1st overtime period - Jonathan Toews wins face-off versus Kyle Turris in Sabres zone.
4:23 of 1st overtime period - Icing by Johnny Oduya.
4:24 of 1st overtime period - Bo Horvat wins face-off versus Mikael Granlund in Sabres zone.
4:47 of 1st overtime period - Shot by Patrik Berglund.
4:47 of 1st overtime period - Deflect By Mikael Granlund.
4:47 of 1st overtime period - Stopped by Thomas Greiss with a rebound.
4:49 of 1st overtime period - Shot by Mikael Granlund.
4:49 of 1st overtime period - Shot Blocked by Rasmus Ristolainen.
Goals for this period are 0 for Kings vs 0 for Sabres.
Shots for this period are 3 for Kings vs 2 for Sabres.

ShootOut


5:00 of 1st overtime period - Penalty Shot by Jonathan Toews for Kings.
5:00 of 1st overtime period - Shot Misses the Net.
5:00 of 1st overtime period - Penalty Shot by Jacob Josefson for Sabres.
5:00 of 1st overtime period - Goal by Jacob Josefson.
5:00 of 1st overtime period - Penalty Shot by Daniel Sedin for Kings.
5:00 of 1st overtime period - Goal by Daniel Sedin.
5:00 of 1st overtime period - Penalty Shot by Kyle Turris for Sabres.
5:00 of 1st overtime period - Shot Misses the Net.
5:00 of 1st overtime period - Penalty Shot by Scott Hartnell for Kings.
5:00 of 1st overtime period - Stopped by Thomas Greiss.
5:00 of 1st overtime period - Penalty Shot by Ryan Nugent-Hopkins for Sabres.
5:00 of 1st overtime period - Goal by Ryan Nugent-Hopkins.